 Dungeon Crawl Stone Soup version 0.26-a0-451-gacbe401039 (webtiles) character file.

Game seed: 16096829669559075978

5786 ReteAZ the Grappler (level 10, -1/98 HPs)
             Began as a Troll Hunter on July 28, 2020.
             Was an Initiate of Cheibriados.
             Slain by a wyvern (16 damage)
             ... on level 8 of the Dungeon.
             The game lasted 00:08:22 (7129 turns).

ReteAZ the Grappler (Troll Hunter)                  Turns: 7129, Time: 00:08:22

Health: -1/98      AC:  6    Str: 23    XL:     10   Next: 50%
Magic:  0/9        EV: 13    Int: 11    God:    Cheibriados [......]
Gold:   369        SH:  0    Dex: 13    Spells: 9/9 levels left

rFire    . . .     SeeInvis .     - Unarmed
rCold    . . .     Faith    .   (no shield)
rNeg     . . .     Spirit   .   E - +0 robe (curse)
rPois    .         Reflect  .   (helmet restricted)
rElec    .         Harm     .   (no cloak)
rCorr    .                      (gloves unavailable)
MR       .....                  (boots unavailable)
Stlth    +.........             (no amulet)
HPRegen  0.66/turn              (no ring)
MPRegen  0.11/turn              (no ring)

@: slow
A: large, unfitting armour, antennae 1, claws 3, agile 1, regeneration 1, shaggy
fur 1, tough skin 3
a: Bend Time, Renounce Religion


You were on level 8 of the Dungeon.
You worshipped Cheibriados.
Cheibriados was noncommittal.
You visited 2 branches of the dungeon, and saw 9 of its levels.

You collected 369 gold pieces.

Inventory:

Hand Weapons
 a - a +0 short sword
Missiles
 c - 9 large rocks (quivered)
 d - a throwing net
 e - 53 poisoned darts
 j - 6 javelins
 y - 9 boomerangs
 D - 4 curare-tipped darts
Armour
 b - a +0 robe
 E - a cursed +0 robe (worn)
Wands
 k - a wand of iceblast (9)
 s - a wand of flame (33)
 v - a wand of random effects (31)
 C - a wand of acid (4)
Scrolls
 f - 3 scrolls of magic mapping {unknown}
 h - 5 scrolls of remove curse
 i - 3 scrolls of amnesia {unknown}
 l - 5 scrolls of teleportation {unknown}
 m - 10 scrolls of identify {unknown}
 n - a scroll of noise {unknown}
 p - 3 scrolls of enchant armour {unknown}
 u - a scroll of fog {unknown}
 x - a scroll of fear {unknown}
 B - a scroll of enchant weapon {unknown}
Potions
 g - a potion of degeneration
 o - a potion of mutation
 q - 2 potions of haste
 r - a potion of berserk rage {unknown}
 t - 2 potions of curing {unknown}
 w - 2 potions of cancellation {unknown}
 z - 2 potions of brilliance {unknown}
 A - a potion of stabbing {unknown}


   Skills:
 + Level 6.1 Fighting
 - Level 3.6 Throwing
 + Level 6.1 Dodging
 - Level 0.3 Stealth
 + Level 11.9 Unarmed Combat


You had 9 spell levels left.
You didn't know any spells.
Your spell library contained the following spells:

 Spells                   Type           Power        Failure   Level
 Confusing Touch          Hex            #.......     71%         3
 Gell's Gravitas          Tloc           #.........   71%         3
 Petrify                  Tmut/Erth      #.......     98%         4
 Metabolic Englaciation   Hex/Ice        #.........   100%        5
 Yara's Violent Unravell  Hex/Tmut       #.........   100%        5


Dungeon Overview and Level Annotations

Branches:
Dungeon (8/15)             Temple (1/1) D:4            Lair (0/6) D:8

Altars:
Ashenzari
Cheibriados
Dithmenos
Elyvilon
Gozag
Hepliaklqana
Kikubaaqudgha
Makhleb
Nemelex Xobeh
Okawaru
Qazlal
Ru
Sif Muna
Trog
Uskayaw
Vehumet
Wu Jian
Xom
Yredelemnul
Zin
The Shining One

Shops:
D:4 *

Annotations:
D:6 1 runed translucent door, Mandevil's ghost, novice VSWn


Innate Abilities, Weirdness & Mutations

You are too large for most types of armour.
You have claws for hands.
Your natural rate of healing is unusually fast.
You are covered in fur. (AC +1)
You have extremely tough skin. (AC +3)
You have a pair of small antennae on your head.
You are agile. (Dex +2)


Message History

The wyvern barely misses you.
The gnoll sergeant completely misses you.
The gnoll closely misses you. The wyvern barely misses you.
The wyvern closely misses you. The gnoll hits you with a +0 whip!
The wyvern bites you.
The gnoll hits you from afar with a +0 halberd.
The wyvern bites you but does no damage.
The gnoll sergeant hits you from afar with a +2 antimagic spear!
You feel your power leaking away. The wyvern misses you. The wyvern bites you!!
* * * LOW HITPOINT WARNING * * *
The gnoll misses you.
The gnoll sergeant hits you from afar with a +2 antimagic spear!
* * * LOW HITPOINT WARNING * * *
You feel your power leaking away. The gnoll misses you.
You see here a scorpion corpse.
The wyvern bites you!
You die...

.......# ##.......
....#..#
##........
...##.##
##.........
..###.#
###..........
.###.†#
##.g.......... .#
#.##
##.g.....#..... ##
#†#
###.gg...####....
# ##.# ##...lg####
##.. #.##
###...@### ## #.#
###......# ###
##.# ###........#
##<##
#..###..........#
#...# ####
#.##............#
#...# ##..#
##...............#
#...# #..##
.................#
#...###.<#
.................#
##...##..##
..........#......#
#....#..##


You could see a wyvern, a gnoll sergeant and 4 gnolls.

Vanquished Creatures
  3 death yaks (D:8)
  Joseph (D:8)
  Grinder (D:4)
  2 hippogriffs (D:7)
  A yak (D:5)
  Menkaure (D:6)
  A porcupine (D:8)
  An orc warrior (D:7)
  A sky beast (D:7)
  3 ice beasts
  A black bear (D:6)
  An ogre (D:6)
  A phantom (D:5)
  A centaur (D:8)
  A crocodile (D:7)
  6 bullfrogs
  A scorpion (D:8)
  A water moccasin skeleton (D:5)
  A howler monkey (D:7)
  2 jellies
  6 hounds
  7 orc priests
  15 orc wizards
  An iguana (D:6)
  4 worker ants
  2 hell rats (D:8)
  A howler monkey zombie (D:5)
  A worker ant zombie (D:8)
  2 river rats (D:8)
  12 adders
  An ufetubus (D:6)
  An ooze (D:1)
  An adder zombie (D:6)
  3 adder skeletons
  3 worms
  3 dart slugs
  4 leopard geckos
  20 orcs
  A ball python (D:4)
  4 giant cockroaches
  7 goblins
  3 hobgoblins
  21 jackals
  6 quokkas
  A ball python skeleton (D:4)
  6 bats
  5 frilled lizards
  A jackal zombie (D:5)
  8 kobolds
  A leopard gecko skeleton (D:6)
  3 leopard gecko zombies
  10 rats
195 creatures vanquished.

Notes
Turn   | Place    | Note
-------+----------+-------------------------------------------
     0 | D:1      | ReteAZ the Troll Hunter began the quest for the Orb.
     0 | D:1      | Reached XP level 1. HP: 19/19 MP: 0/0
    34 | D:1      | Reached skill level 1 in Unarmed Combat
   145 | D:1      | Reached XP level 2. HP: 25/27 MP: 1/1
   272 | D:1      | Reached skill level 2 in Unarmed Combat
   765 | D:2      | Reached XP level 3. HP: 32/33 MP: 2/2
   939 | D:2      | Reached skill level 3 in Unarmed Combat
  1245 | D:2      | Found an iron altar of Okawaru.
  1384 | D:3      | Reached XP level 4. HP: 34/41 MP: 3/3
  1503 | D:3      | Reached skill level 4 in Unarmed Combat
  1791 | D:3      | Reached XP level 5. HP: 28/48 MP: 4/4
  1798 | D:3      | Reached skill level 5 in Unarmed Combat
  2122 | D:4      | Noticed Grinder
  2131 | D:4      | Killed Grinder
  2131 | D:4      | Reached skill level 6 in Unarmed Combat
  2131 | D:4      | Reached XP level 6. HP: 27/55 MP: 5/5
  2338 | D:4      | Found a shadowy altar of Dithmenos.
  2488 | D:4      | Found a shimmering altar of Xom.
  2561 | D:4      | Reached skill level 7 in Unarmed Combat
  2601 | D:4      | Found a hide-covered altar of Uskayaw.
  2627 | D:4      | Reached XP level 7. HP: 33/62 MP: 6/6
  2720 | D:4      | Noticed a +0 dagger
  2720 | D:4      | Noticed a +0 hand axe
  2775 | D:4      | Found a stormy altar of Qazlal.
  2838 | D:4      | Found Den Icve's Assorted Antiques.
  2877 | D:4      | Found a staircase to the Ecumenical Temple.
  2907 | D:5      | Entered Level 5 of the Dungeon
  2945 | Temple   | Entered the Ecumenical Temple
  3297 | D:5      | Found a radiant altar of Vehumet.
  3374 | D:5      | Reached skill level 8 in Unarmed Combat
  3595 | D:5      | Noticed a yak
  3606 | D:5      | Killed a yak
  3606 | D:5      | Reached skill level 9 in Unarmed Combat
  3606 | D:5      | Reached XP level 8. HP: 55/70 MP: 7/7
  4116 | D:5      | Found an opulent altar of Gozag.
  4117 | D:5      | Found an ancient bone altar of Kikubaaqudgha.
  4300 | D:6      | Found a glowing silver altar of Zin.
  4362 | D:6      | Reached skill level 10 in Unarmed Combat
  4403 | D:6      | Found a runed translucent door.
  4409 | D:6      | Noticed Mandevil's ghost (novice VSWn)
  4752 | D:6      | Noticed Menkaure
  4761 | D:6      | Gained mutation: You are agile. (Dex +2) [potion of
                  | mutation]
  4761 | D:6      | Gained mutation: You have a pair of small antennae on your
                  | head. [potion of mutation]
  4903 | D:6      | Killed Menkaure
  5140 | D:6      | Found a basalt altar of Yredelemnul.
  5298 | D:7      | Reached XP level 9. HP: 83/83 MP: 8/8
  5630 | D:7      | Found a burning altar of Makhleb.
  5718 | D:7      | Reached skill level 11 in Unarmed Combat
  5723 | D:7      | Found an ornate altar of the Wu Jian Council.
  6107 | D:8      | Noticed Joseph
  6117 | D:8      | HP: 4/85 [Joseph/+0 quarterstaff (2)]
  6118 | D:8      | Killed Joseph
  6352 | D:8      | Reached skill level 5 in Fighting
  6352 | D:8      | Reached skill level 5 in Dodging
  6395 | D:8      | Noticed a death yak
  6396 | D:8      | Noticed a death yak
  6397 | D:8      | Noticed a death yak
  6415 | D:8      | Killed a death yak
  6415 | D:8      | Reached XP level 10. HP: 57/96 MP: 9/9
  6508 | D:8      | Found a staircase to the Lair.
  6523 | D:8      | Killed a death yak
  6534 | D:8      | Killed a death yak
  6715 | D:8      | Found a bloodstained altar of Trog.
  6742 | D:8      | Found a snail-covered altar of Cheibriados.
  6772 | D:8      | Became a worshipper of Cheibriados the Contemplative
  7129 | D:8      | Slain by a wyvern

Illustrated notes

Levels and vault maps discovered:
D:1:      dpeg_arrival_chambers_temple_mockup, layout_rooms
D:2:      layout_basic, okawaru_trees_1
D:3:      layout_loops_ring
D:4:      layout_gridville, lemuel_doored_altar, kennysheep_little_box,
          dancing_weapons_uskayaw, temple_hall, serial_shops, shop,
          hangedman_abyss_or_decor_passed, nicolae_dithmenos_shadow_blocks,
          uniq_grinder
D:5:      minmay_chambers_of_fours, layout_loops_ring,
          gammafunk_temple_overflow_pools, basic_altar, minmay_misc_feat_chi,
          kennysheep_another_room, st_stairs_7, kennysheep_small_circle
D:6:      layout_loops_ring, zin_treasury, nicolae_overflow_hidden_temple,
          ebering_ghost_reflecting_pool, uniq_menkaure
D:7:      layout_cave_pools, makhleb_heckhound_becter, old_standard_altar
D:8:      layout_cave_pods, cheibriados_altar_1, lemuel_crystal_altar,
          dpeg_lair_monsters, grunt_decor_fettered, uniq_joseph
Temple:   jpeg_temple_island

Skill      XL: |  1  2  3  4  5  6  7  8  9 10 |
---------------+-------------------------------+-----
Unarmed Combat | 1 2 3 4 6 7 9 10 11 | 11.9
Fighting       | 3 5 6 |  6.1
Dodging        | 3 5 6 |  6.1
Throwing       | |  3.6
Stealth        | |  0.3

Action                   |  1- 3 |  4- 6 |  7- 9 | 10-12 || total
-------------------------+-------+-------+-------+-------++-------
Melee: Short sword       |     7 |       |       |       ||     7
       Unarmed           |    65 |   164 |   310 |    45 ||   584
       Punch             |       |     3 |     8 |     4 ||    15
Throw: Large rock        |       |       |    12 |     9 ||    21
       Dart              |       |       |       |     1 ||     1
       Throwing net      |       |       |       |     1 ||     1
  Use: Potion            |       |     2 |     5 |       ||     7
       Scroll            |       |       |     1 |       ||     1
 Stab: Sleeping          |     2 |     1 |     3 |       ||     6
Armor: Robe              |    33 |    77 |    92 |     8 ||   210
Dodge: Dodged            |    48 |    92 |   152 |    25 ||   317

Table legend: (Time is in decaauts)
 A = Elapsed time spent in this place.
 B = Non-inter-level travel time spent in this place.
 C = Inter-level travel time spent in this place.
 D = Time resting spent in this place.
 E = Time spent auto-exploring this place.
 F = Levels seen in this place.
 G = Mean time per level.
                   A        B        C        D        E       F      G
               +--------+--------+--------+--------+--------+-----+--------+
         Total |   7148 |   6765 |    383 |    526 |   5034 |   9 |  794.2 |
       Dungeon |   6875 |   6504 |    371 |    526 |   4774 |   8 |  859.4 |
        Temple |    272 |    261 |     11 |      0 |    260 |   1 |  272.0 |
               +--------+--------+--------+--------+--------+-----+--------+

Top non-repeatable levels by time:
     D:8: 1267 daAuts
     D:5: 1069 daAuts
     D:6: 892 daAuts
     D:4: 835 daAuts
     D:2: 760 daAuts
     D:3: 736 daAuts
     D:7: 704 daAuts
     D:1: 608 daAuts
  Temple: 272 daAuts
